EL
TULSA DRILLERS @ MOBILE BAYBEARS
04/30/2048
 
TOP OF THE 1ST
Tulsa Drillers batting - Pitching for Mobile BayBears : RHP Sipi Mäkitie
Pitching: RHP Sipi Mäkitie
Batting: RHB Josh Crenwelge 0-0: Foul Ball, location: 2F
0-1: Ball
1-1: Ball
2-1: Foul Ball, location: 2F
2-2: Foul Ball, location: 2F
2-2: Fly out, F7 (Flyball, 7D, EV 97.5 MPH)
Batting: SHB Nate Kopchak 0-0: Called Strike
0-1: Ball
1-1: Ground out 3-1 (Groundball, 34S, EV 81.2 MPH)
Batting: LHB Kevin Wiebe 0-0: SOLO HOME RUN (Flyball, 9D, EV 98.1 MPH), Distance : 381 ft
Batting: LHB Chris Buchan 0-0: DOUBLE (Line Drive, 9LS, EV 95.0 MPH)
Pinch Runner at 2nd Jonathan Kirsch:
Batting: SHB Justin Toth 0-0: Ball
1-0: Fly out, F7 (Flyball, 7, EV 94.4 MPH)
Top of the 1st over - 1 run, 2 hits, 0 errors, 1 left on base; Tulsa 1 - Mobile 0
BOTTOM OF THE 1ST
Mobile BayBears batting - Pitching for Tulsa Drillers : LHP Jonathan Daniels
Pitching: LHP Jonathan Daniels
Now at 1B: Robby Cuellar
Batting: RHB Carlos Ballesteros 0-0: Called Strike
0-1: Called Strike
0-2: Ball
1-2: Ball
2-2: Foul Ball, location: 2F
2-2: Foul Ball, location: 2F
2-2: Foul Ball, location: 2F
2-2: Ball
3-2: Base on Balls
Batting: RHB Franklin Villanueva 0-0: SINGLE (Groundball, 56D, EV 95.0 MPH)
Carlos Ballesteros to second
Batting: RHB Josh Burrows 0-0: Foul Ball, location: 2F
0-1: Called Strike
0-2: Foul Ball, location: 2F
0-2: Ball
1-2: Ball
2-2: Strikes out looking
Batting: RHB Blake Beale 0-0: Swinging Strike
0-1: Called Strike
0-2: SINGLE (Flyball, 34D, EV 89.4 MPH)
Carlos Ballesteros to third
Franklin Villanueva to second
Batting: LHB Koson Hirai 0-0: Foul Ball, location: 2F
0-1: SINGLE (Groundball, 6, EV 102.5 MPH)
Carlos Ballesteros scores
Franklin Villanueva to third
Blake Beale to second
Runner from 3rd tries for Home, SAFE, throw by LF to home
Batting: RHB Will Washburn 0-0: Called Strike
0-1: Foul Ball, location: 2F
0-2: Fly out, F8 (Flyball, 8RM, EV 91.2 MPH)
Batting: RHB Jeremy Adams 0-0: Called Strike
0-1: Swinging Strike
0-2: Ball
1-2: Strikes out swinging
Bottom of the 1st over - 2 runs, 3 hits, 0 errors, 2 left on base; Tulsa 1 - Mobile 2
TOP OF THE 2ND
Tulsa Drillers batting - Pitching for Mobile BayBears : RHP Sipi Mäkitie
Batting: RHB Marcos Villalobos 0-0: SINGLE (Groundball, 4M, EV 77.5 MPH) (infield hit)
Batting: RHB Aaron Burress 0-0: Ball
1-0: Ball
2-0: SINGLE (Line Drive, 4M, EV 96.9 MPH)
Marcos Villalobos to second
Batting: LHB Chris Barrera 0-0: Fly out, F7 (Flyball, 7, EV 89.4 MPH)
Batting: RHB Kyle Garrett 0-0: Foul Ball, location: 2F
0-1: Swinging Strike
0-2: Ball
1-2: Strikes out swinging
Batting: RHB Josh Crenwelge 0-0: Ball
1-0: Foul Ball, location: 2F
1-1: Ball
2-1: Fly out, F7 (Flyball, 7D, EV 83.1 MPH)
Top of the 2nd over - 0 runs, 2 hits, 0 errors, 2 left on base; Tulsa 1 - Mobile 2
BOTTOM OF THE 2ND
Mobile BayBears batting - Pitching for Tulsa Drillers : LHP Jonathan Daniels
Batting: RHB Curt Barrett 0-0: Called Strike
0-1: Called Strike
0-2: Ball
1-2: Foul Ball, location: 2F
1-2: Strikes out looking
Batting: SHB Ed Vargas 0-0: Ball
1-0: Ball
2-0: Ball
3-0: Swinging Strike
3-1: Called Strike
3-2: Strikes out swinging
Batting: RHB Carlos Ballesteros 0-0: Called Strike
0-1: Ball
1-1: Ball
2-1: Foul Ball, location: 2F
2-2: Ball
3-2: Strikes out swinging
Bottom of the 2nd over - 0 runs, 0 hits, 0 errors, 0 left on base; Tulsa 1 - Mobile 2
TOP OF THE 3RD
Tulsa Drillers batting - Pitching for Mobile BayBears : RHP Sipi Mäkitie
Batting: SHB Nate Kopchak 0-0: Ball
1-0: Ball
2-0: Ball
3-0: Base on Balls
Batting: LHB Kevin Wiebe 0-0: Called Strike
0-1: Foul Ball, location: 2F
0-2: Ball
1-2: Ball
2-2: Foul Ball, location: 2F
2-2: Ball
3-2: Ground out U3 (Groundball, 34, EV 102.5 MPH)
Nate Kopchak to second
Batting: RHB Robby Cuellar 0-0: Ball
1-0: Ball
2-0: Ball
3-0: Called Strike
3-1: Called Strike
3-2: SINGLE (Flyball, 56D, EV 85.0 MPH)
Nate Kopchak to third
Batting: SHB Justin Toth 0-0: Foul Ball, location: 2F
0-1: Foul Ball, location: 2F
0-2: Foul Ball, location: 2F
0-2: Foul Ball, location: 2F
0-2: Fly out, F7 (Flyball, 78S, EV 78.1 MPH)
Batting: RHB Marcos Villalobos 0-0: Ball
Balk!
Nate Kopchak scores
Robby Cuellar to second
1-0: Ball
2-0: Foul Ball, location: 2F
2-1: Foul Ball, location: 2F
2-2: Strikes out looking
Top of the 3rd over - 1 run, 1 hit, 0 errors, 1 left on base; Tulsa 2 - Mobile 2
BOTTOM OF THE 3RD
Mobile BayBears batting - Pitching for Tulsa Drillers : LHP Jonathan Daniels
Batting: RHB Franklin Villanueva 0-0: Called Strike
0-1: Called Strike
0-2: Foul Ball, location: 2F
0-2: Ball
1-2: Ball
2-2: Strikes out swinging passed ball, reaches first!
Batting: RHB Josh Burrows 0-0: SINGLE (Groundball, 34D, EV 100.6 MPH)
Franklin Villanueva to second
Runner from 2nd tries for 3rd, SAFE, no throw by RF
Batting: RHB Blake Beale 0-0: Called Strike
0-1: Ball
1-1: Called Strike
1-2: Ball
2-2: Strikes out swinging
Batting: LHB Koson Hirai 0-0: Ball
1-0: Fly out, F8 (Flyball, 8LD, EV 96.2 MPH)
Runner from 3rd tags up, SCORES, throw by CF
Batting: RHB Will Washburn 0-0: Swinging Strike
0-1: Called Strike
0-2: Strikes out swinging
Bottom of the 3rd over - 1 run, 1 hit, 0 errors, 1 left on base; Tulsa 2 - Mobile 3
TOP OF THE 4TH
Tulsa Drillers batting - Pitching for Mobile BayBears : RHP Sipi Mäkitie
Batting: RHB Aaron Burress 0-0: Called Strike
0-1: Foul Ball, location: 2F
0-2: Foul Ball, location: 2F
0-2: Ball
1-2: DOUBLE (Groundball, 5L, EV 110.0 MPH)
Batting: LHB Chris Barrera 0-0: Called Strike
0-1: Ball
1-1: Swinging Strike
1-2: SINGLE (Flyball, 56D, EV 89.4 MPH)
Aaron Burress to third
Batting: RHB Kyle Garrett 0-0: Grounds into double play, 1-4-3 (Groundball, P, EV 69.4 MPH)
Batting: RHB Josh Crenwelge 0-0: Ball
1-0: Ball
2-0: Swinging Strike
2-1: Ball
3-1: Base on Balls
Batting: SHB Nate Kopchak 0-0: Ball
1-0: Ball
2-0: Called Strike
2-1: Foul Ball, location: 2F
2-2: Ground out 4-3 (Groundball, 4, EV 94.4 MPH)
Top of the 4th over - 0 runs, 2 hits, 0 errors, 2 left on base; Tulsa 2 - Mobile 3
BOTTOM OF THE 4TH
Mobile BayBears batting - Pitching for Tulsa Drillers : LHP Jonathan Daniels
Batting: RHB Jeremy Adams 0-0: Ball
1-0: Foul Ball, location: 2F
1-1: Foul Ball, location: 2F
1-2: Ball
2-2: Strikes out looking
Batting: RHB Curt Barrett 0-0: Ball
1-0: Called Strike
1-1: Foul Ball, location: 2F
1-2: Foul Ball, location: 2F
1-2: Ball
2-2: Fly out, F9 (Flyball, 9LD, EV 101.9 MPH)
Batting: SHB Ed Vargas 0-0: Called Strike
0-1: Called Strike
0-2: Ball
1-2: Ball
2-2: Strikes out swinging
Bottom of the 4th over - 0 runs, 0 hits, 0 errors, 0 left on base; Tulsa 2 - Mobile 3
TOP OF THE 5TH
Tulsa Drillers batting - Pitching for Mobile BayBears : RHP Sipi Mäkitie
Batting: LHB Kevin Wiebe 0-0: Ball
1-0: Reached via error on a dropped throw from 1B, E1 (Groundball, 34, EV 105.0 MPH)
Batting: RHB Robby Cuellar 0-0: Ball
1-0: Ball
2-0: Ball
3-0: Called Strike
3-1: Swinging Strike
3-2: Strikes out swinging
Batting: SHB Justin Toth 0-0: Ball
1-0: Ball
2-0: DOUBLE (Groundball, 3L, EV 107.5 MPH)
Kevin Wiebe to third
Batting: RHB Marcos Villalobos 0-0: Ball
1-0: SINGLE (Line Drive, 89S, EV 105.6 MPH)
Kevin Wiebe scores
Justin Toth to third
Runner from 3rd tries for Home, SAFE, throw by RF to home
Batting: RHB Aaron Burress 0-0: Ball
1-0: Ball
Marcos Villalobos steals 2nd base
2-0: Ball
3-0: Called Strike
3-1: Foul Ball, location: 2F
3-2: SINGLE (Line Drive, 7S, EV 97.5 MPH)
Marcos Villalobos to third
Batting: LHB Chris Barrera 0-0: Grounds into double play, 3-6-3 (Groundball, 3, EV 94.4 MPH)
Top of the 5th over - 2 runs, 3 hits, 1 error, 1 left on base; Tulsa 4 - Mobile 3
BOTTOM OF THE 5TH
Mobile BayBears batting - Pitching for Tulsa Drillers : LHP Jonathan Daniels
Batting: RHB Carlos Ballesteros 0-0: Ball
1-0: Called Strike
1-1: Ball
2-1: Called Strike
2-2: DOUBLE (Groundball, 5L, EV 109.4 MPH)
Pitching: RHP Carlos Llamas
Batting: RHB Franklin Villanueva 0-0: Ball
1-0: Ball
2-0: Ball
3-0: Called Strike
3-1: Foul Ball, location: 2F
3-2: Ground out 6-3 (Groundball, 6, EV 93.1 MPH)
Carlos Ballesteros to third
Batting: RHB Josh Burrows 0-0: Ball
1-0: SINGLE (Line Drive, 7S, EV 88.8 MPH)
Carlos Ballesteros scores
Batting: RHB Blake Beale 0-0: Ball
1-0: 2-RUN HOME RUN (Flyball, 7LD, EV 97.5 MPH), Distance : 377 ft
Batting: LHB Koson Hirai 0-0: Called Strike
0-1: Fly out, F8 (Flyball, 8LD, EV 89.4 MPH)
Batting: RHB Will Washburn 0-0: Ball
1-0: Swinging Strike
1-1: Ball
2-1: Swinging Strike
2-2: Strikes out looking
Bottom of the 5th over - 3 runs, 3 hits, 0 errors, 0 left on base; Tulsa 4 - Mobile 6
TOP OF THE 6TH
Tulsa Drillers batting - Pitching for Mobile BayBears : RHP Sipi Mäkitie
Batting: RHB Kyle Garrett 0-0: Called Strike
0-1: Ball
1-1: Swinging Strike
1-2: Ball
2-2: Ball
3-2: Strikes out swinging
Pitching: RHP Jason Hammons
Batting: RHB Josh Crenwelge 0-0: Swinging Strike
0-1: Ball
1-1: Ball
2-1: Swinging Strike
2-2: Foul Ball, location: 2F
2-2: Ball
3-2: Base on Balls
Batting: SHB Nate Kopchak 0-0: Ball
1-0: SINGLE (Groundball, 5D, EV 106.2 MPH)
Josh Crenwelge to second
Pitching: LHP Ricky Ramirez
Batting: RHB Nick Getz 0-0: Ball
1-0: Swinging Strike
1-1: Ball
2-1: Ball
3-1: Foul Ball, location: 2F
3-2: Foul Ball, location: 2F
3-2: Strikes out swinging
Pitching: LHP Jon Davis
Batting: RHB Robby Cuellar 0-0: Called Strike
0-1: Ball
1-1: Ball
2-1: Ball
3-1: Base on Balls
Josh Crenwelge to third
Nate Kopchak to second
Batting: SHB Justin Toth 0-0: Fly out, F9 (Flyball, 9, EV 81.2 MPH)
Top of the 6th over - 0 runs, 1 hit, 0 errors, 3 left on base; Tulsa 4 - Mobile 6
BOTTOM OF THE 6TH
Mobile BayBears batting - Pitching for Tulsa Drillers : RHP Carlos Llamas
Batting: RHB Jeremy Adams 0-0: Ball
1-0: Foul Ball, location: 2F
1-1: Reached on error, E6 (Groundball, 6, EV 105.6 MPH)
Batting: RHB Curt Barrett 0-0: Called Strike
0-1: Swinging Strike
0-2: Foul Ball, location: 2F
0-2: Ball
1-2: Ball
2-2: Ball
3-2: Fly out, F9 (Flyball, 9, EV 77.5 MPH)
Batting: SHB Ed Vargas 0-0: Called Strike
0-1: Foul Ball, location: 2F
0-2: Strikes out swinging
Batting: RHB Carlos Ballesteros 0-0: Ball
1-0: Called Strike
1-1: Fly out, F7 (Flyball, 7, EV 88.1 MPH)
Bottom of the 6th over - 0 runs, 0 hits, 1 error, 1 left on base; Tulsa 4 - Mobile 6
TOP OF THE 7TH
Tulsa Drillers batting - Pitching for Mobile BayBears : LHP Jon Davis
Batting: RHB Marcos Villalobos 0-0: Ball
1-0: Ball
2-0: Called Strike
2-1: Foul Ball, location: 2F
2-2: Foul Ball, location: 2F
2-2: Foul Ball, location: 2F
2-2: Strikes out swinging
Batting: RHB Aaron Burress 0-0: Ball
1-0: Foul Ball, location: 2F
1-1: Ball
2-1: Ball
3-1: Foul Ball, location: 2F
3-2: Ground out 4-3 (Groundball, 4M, EV 85.6 MPH)
Batting: LHB Chris Barrera 0-0: Swinging Strike
0-1: Ball
1-1: DOUBLE (Line Drive, 8LXD, EV 105.0 MPH)
Batting: RHB Kyle Garrett 0-0: Ball
1-0: Ball
2-0: Fly out, F8 (Flyball, 78M, EV 91.9 MPH)
Top of the 7th over - 0 runs, 1 hit, 0 errors, 1 left on base; Tulsa 4 - Mobile 6
BOTTOM OF THE 7TH
Mobile BayBears batting - Pitching for Tulsa Drillers : RHP Carlos Llamas
Pitching: RHP Jeff Coates
Batting: RHB Franklin Villanueva 0-0: Called Strike
0-1: Ball
1-1: Ball
2-1: Ground out 4-3 (Groundball, 4S, EV 88.8 MPH)
Batting: RHB Josh Burrows 0-0: Foul Ball, location: 2F
0-1: Called Strike
0-2: Foul Ball, location: 2F
0-2: Strikes out swinging
Batting: RHB Blake Beale 0-0: Ball
1-0: Called Strike
1-1: Foul Ball, location: 2F
1-2: Ball
2-2: Strikes out swinging
Bottom of the 7th over - 0 runs, 0 hits, 0 errors, 0 left on base; Tulsa 4 - Mobile 6
TOP OF THE 8TH
Tulsa Drillers batting - Pitching for Mobile BayBears : LHP Jon Davis
Batting: RHB Josh Crenwelge 0-0: Swinging Strike
0-1: Ball
1-1: Called Strike
1-2: Ball
2-2: Ball
3-2: Foul Ball, location: 2F
3-2: Base on Balls
Batting: SHB Nate Kopchak 0-0: Ball
Wild Pitch!
Josh Crenwelge to second
1-0: 2-RUN HOME RUN (Flyball, 89XD, EV 99.4 MPH), Distance : 401 ft
Batting: RHB Nick Getz 0-0: Ball
1-0: Ground out 4-3 (Groundball, 4M, EV 82.5 MPH)
Batting: RHB Robby Cuellar 0-0: Ball
1-0: Swinging Strike
1-1: Swinging Strike
1-2: Strikes out swinging
Batting: SHB Justin Toth 0-0: Called Strike
0-1: Ground out 5-3 (Groundball, 5S, EV 84.4 MPH)
Top of the 8th over - 2 runs, 1 hit, 0 errors, 0 left on base; Tulsa 6 - Mobile 6
BOTTOM OF THE 8TH
Mobile BayBears batting - Pitching for Tulsa Drillers : RHP Jeff Coates
Batting: LHB Koson Hirai 0-0: Called Strike
0-1: Called Strike
0-2: Ground out 6-3 (Groundball, 6MD, EV 83.8 MPH)
Batting: LHB Soo-yeon Kym 0-0: Ground out 6-3 (Groundball, 56, EV 99.4 MPH)
Batting: RHB Jeremy Adams 0-0: SINGLE (Line Drive, 7S, EV 100.0 MPH)
Batting: RHB Curt Barrett 0-0: Swinging Strike
0-1: SINGLE (Line Drive, 9S, EV 95.6 MPH)
Jeremy Adams to second
Batting: SHB Ed Vargas 0-0: Ball
1-0: SINGLE (Line Drive, 9S, EV 87.5 MPH)
Jeremy Adams to third
Curt Barrett to second
Batting: RHB Carlos Ballesteros 0-0: Fielders Choice at 2nd, 6-4 (Groundball, 6, EV 76.2 MPH)
Bottom of the 8th over - 0 runs, 3 hits, 0 errors, 3 left on base; Tulsa 6 - Mobile 6
TOP OF THE 9TH
Tulsa Drillers batting - Pitching for Mobile BayBears : LHP Jon Davis
Pitching: RHP Edwin Martinez
Batting: RHB Marcos Villalobos 0-0: Ball
1-0: Swinging Strike
1-1: Called Strike
1-2: Ground out 4-3 (Groundball, 34, EV 89.4 MPH)
Batting: RHB Aaron Burress 0-0: Ball
1-0: Called Strike
1-1: Ball
2-1: Called Strike
2-2: Ground out 6-3 (Groundball, 6, EV 76.2 MPH)
Batting: LHB Chris Barrera 0-0: Called Strike
0-1: Swinging Strike
0-2: Foul Ball, location: 2F
0-2: Strikes out looking
Top of the 9th over - 0 runs, 0 hits, 0 errors, 0 left on base; Tulsa 6 - Mobile 6
BOTTOM OF THE 9TH
Mobile BayBears batting - Pitching for Tulsa Drillers : RHP Jeff Coates
Pinch Hitting: LHB T.J. Duvall 0-0: Called Strike
0-1: Fly out, F8 (Flyball, 8LD, EV 96.2 MPH)
Batting: RHB Josh Burrows 0-0: Ball
1-0: Fly out, F7 (Flyball, 7LM, EV 81.9 MPH)
Batting: RHB Blake Beale 0-0: Reached on error, E4 (Groundball, 4MS, EV 89.4 MPH)
Batting: LHB Koson Hirai 0-0: Hit by Pitch
Blake Beale to second
Batting: LHB Soo-yeon Kym 0-0: Called Strike
0-1: SINGLE (Groundball, 34D, EV 96.2 MPH)
Blake Beale to third
Koson Hirai to second
Runner from 3rd tries for Home, SAFE, throw by RF to home
Bottom of the 9th over - 1 run, 1 hit, 1 error, 2 left on base; Tulsa 6 - Mobile 7
Tuesday, March 28th , 2023 - OOTP Baseball 23.10 Build 110